 Dungeon Crawl Stone Soup version 0.27-a0-1434-g6f15984924 (webtiles) character file.

Game seed: 14211620351471197209

54 quinnr the Digger (level 3, -5/19 HPs)
             Began as a Deep Elf Earth Elementalist on July 3, 2021.
             Splashed by Ijyb's acid (6 damage)
             ... on level 3 of the Dungeon.
             The game lasted 00:03:59 (2038 turns).

quinnr the Digger (Deep Elf Earth Elementalist)     Turns: 2038, Time: 00:04:00

Health: -5/19      AC:  2    Str:  5    XL:     3   Next: 66%
Magic:  10/10      EV: 16    Int: 20    God:
Gold:   90         SH:  0    Dex: 15    Spells: 5/9 levels left

rFire    . . .     SeeInvis .   (no weapon)
rCold    . . .     Faith    .   (no shield)
rNeg     . . .     Spirit   .   b - +0 robe
rPois    .         Reflect  .   (no helmet)
rElec    .         Harm     .   (no cloak)
rCorr    .         Rampage  .   (no gloves)
Will     .....                  (no boots)
Stlth    ++........             (no amulet)
HPRegen  0.06/turn              j - +4 ring of evasion
MPRegen  0.12/turn              (no ring)

@: no status effects
A: no striking features
a: no special abilities


You were on level 3 of the Dungeon.
You visited 1 branch of the dungeon, and saw 3 of its levels.

You collected 90 gold pieces.

Inventory:

Hand Weapons
 i - a +0 longbow
Missiles
 c - 73 stones
Armour
 b - a +0 robe (worn)
Jewellery
 e - an amulet of faith
 j - a +4 ring of evasion (left hand)
Scrolls
 d - a scroll of noise {unknown}
 f - a scroll of fear {unknown}
 h - a scroll of vulnerability {unknown}
 k - a scroll of immolation {unknown}
 l - a scroll of enchant armour {unknown}
 n - a scroll of teleportation {unknown}
 o - a scroll of blinking {unknown}
Potions
 a - a potion of curing {unknown}
 g - a potion of haste {unknown}
 m - 2 potions of flight {unknown}


   Skills:
 - Level 2.4 Dodging
 - Level 2.4 Stealth
 + Level 3.9 Spellcasting
 + Level 0.0 Conjurations
 - Level 1.1 Transmutations
 * Level 4.6 Earth Magic


You had 5 spell levels left.
You knew the following spells:

 Your Spells              Type           Power      Damage    Failure   Level
a - Sandblast             Erth           44%        2d11      1%          1
b - Stone Arrow           Conj/Erth      26%        3d8       14%         3

Your spell library contained the following spells:

 Spells                   Type           Power      Damage    Failure   Level
 Passwall                 Tmut/Erth      12%        N/A       6%          2
 Freeze                   Ice            12%        1d4       13%         1
 Frozen Ramparts          Ice            6%         1d2       36%         3
 Petrify                  Tmut/Erth      15%        N/A       36%         4
 Hailstorm                Conj/Ice       3%         3d3       78%         4


Dungeon Overview and Level Annotations

Branches:
Dungeon (3/15)

Altars:

Annotations:
D:3 Ijyb


Message History

A ball python comes into view.
The ball python hisses angrily.
Items here: ) [ †††.
The blast of sand hits the ball python!
You kill the ball python!
Magic restored.
o - a scroll labelled NEASYSKOLE You now have 90 gold pieces (gained 11).
Ijyb the Twisted Goblin comes into view.
She is wielding a +0 club, wearing a +2 leather armour of cold resistance and carrying a wand of acid (7).
Items here: ) [ †††.
There is a stone staircase leading up here.
You climb upwards.
There is a stone staircase leading down here.
You start waiting.
Done waiting.
This spell is extremely dangerous to cast!
Memorise Stone Arrow, consuming 3 spell levels and leaving 5?
You start memorising the spell.
You continue memorising. x3
You finish memorising.
Spell assigned to 'b'.
You climb downwards.
Level annotation: Ijyb
There is a stone staircase leading up here.
Casting: Sandblast (safe; 1% risk of failure)
Confirm with . or Enter, or press ? or * to list all spells.
Okay, then.
Unknown command.
Items here: ) [ ÷÷ †.
There is a stone staircase leading down here.
m - 2 fuming dark potions (gained 1) Ijyb is nearby!
Casting: Sandblast (safe; 1% risk of failure)
Confirm with . or Enter, or press ? or * to list all spells.
Okay, then.
Okay, then.
Ijyb shouts!
Ijyb zaps a wand.
The bolt of acid hits you!!
Ouch! That really hurt!
* * * LOW HITPOINT WARNING * * *
You are splashed with acid.
You die...

......#
##..##...#....#
......#
#.............#
...<..######...†....#
...........[g.......#
.....#######........#
......# #.>......#
......# #........#
......# #........#
......# #....@...#
......# #).......#
.....## ##########
....## #####


You could see Ijyb.

Vanquished Creatures
  2 worms (D:2)
  A dart slug (D:1)
  An orc (D:3)
  4 ball pythons
  3 endoplasms
  7 giant cockroaches (D:1)
  A goblin (D:2)
  2 hobgoblins (D:2)
  8 jackals
  4 bats (D:2)
  2 kobolds
  3 rats
38 creatures vanquished.

Notes
Turn   | Place    | Note
-------+----------+-------------------------------------------
     0 | D:1      | quinnr the Deep Elf Earth Elementalist began the quest for
                  | the Orb.
     0 | D:1      | Reached XP level 1. HP: 10/10 MP: 6/6
     0 | D:1      | quinnr: !lg * DEEE won -log
     0 | D:1      | beem: 188. snackwell, XL27 DEEE, T:173569:
                  | https://cbro.berotato.org/morgue/snackwell/morgue-snackwell
                  | -20210611-155539.txt
   317 | D:1      | Reached XP level 2. HP: 15/15 MP: 0/8
   517 | D:1      | Reached skill level 4 in Earth Magic
  1044 | D:2      | Reached XP level 3. HP: 11/19 MP: 8/10
  1675 | D:2      | Found a faded altar of an unknown god.
  1893 | D:3      | Noticed Ijyb
  2017 | D:2      | Learned a level 3 spell: Stone Arrow
  2038 | D:3      | HP: 1/19 [Ijyb/bolt of acid (18)]
  2038 | D:3      | Splashed by Ijyb's acid

Illustrated notes

Levels and vault maps discovered:
D:1:      roderic_crop_circles_arrival_small, layout_basic,
          minmay_worlds_worst_comb
D:2:      layout_basic, shapermc_ecumenical_altar_totnotflames,
          minmay_fractal_squares_5
D:3:      layout_rooms, uniq_grinder, uniq_crazy_yiuf_cottage, uniq_jessica,
          uniq_ijyb, uniq_robin

Skill      XL: |  1  2 |
---------------+-------+-----
Earth Magic    | 4 |  4.6
Dodging        | |  2.4
Stealth        | |  2.4
Spellcasting   | |  3.9
Transmutations | |  1.1

Action                   || total
-------------------------++-------
Melee: Unarmed           ||     3
 Cast: Sandblast         ||    56
Armor: Robe              ||     5
Dodge: Dodged            ||    15

Table legend: (Time is in decaauts)
 A = Elapsed time spent in this place.
 B = Non-inter-level travel time spent in this place.
 C = Inter-level travel time spent in this place.
 D = Time resting spent in this place.
 E = Time spent auto-exploring this place.
 F = Levels seen in this place.
 G = Mean time per level.
                   A        B        C        D        E       F      G
               +--------+--------+--------+--------+--------+-----+--------+
         Total |   2037 |   1949 |     88 |    118 |   1601 |   3 |  679.0 |
       Dungeon |   2037 |   1949 |     88 |    118 |   1601 |   3 |  679.0 |
               +--------+--------+--------+--------+--------+-----+--------+

Top non-repeatable levels by time:
     D:2: 1154 daAuts
     D:1: 758 daAuts
     D:3: 125 daAuts
